Map: Blackburn LE

Players

Throwfordays - Winner!

  • Race: Terran Terran
  • League: Silver

ItsChapo

  • Race: Protoss Protoss
  • League: Gold

VOD

Have the link to the VOD?

Description

Time

  • Played on: Aug. 26, 2021, 11:53 p.m.
  • Length: 6:45
Show
View Real Time Build Order
Export as new Build Order

Throwfordays Terran - Winner!

Build Orders:  

Get SALT Encoding   

  12  0:00  SCV  
  13  0:12  SCV  
  14  0:20  Supply Depot  
  14  0:24  SCV  
  15  0:31  Refinery  
  15  0:42  SCV  
  16  0:46  Barracks  
  16  0:56  Supply Depot  
  16  0:59  SCV  
  17  1:11  SCV  
  18  1:41  Marine  
  19  1:59  Reaper  
  20  2:13  Barracks  
  20  2:21  SCV  
  21  2:33  SCV  
  22  2:38  Barracks Reactor  
  22  2:43  Refinery  
  22  2:45  SCV  
  24  3:34  Reaper x3  
  24  3:41  Barracks  
  26  3:42  SCV  
  27  3:54  SCV  
  28  4:06  Reaper x3  
  31  4:30  Engineering Bay  
  31  4:33  Supply Depot  
  31  4:55  SCV  
  32  5:05  Command Center  
  31  5:15  Reaper x2  
  31  5:16  Reaper x2  
Show
View Real Time Build Order
Export as new Build Order

ItsChapo Protoss 

Build Orders:  

Get SALT Encoding   

  12  0:00  Probe (Chrono Boost)  
  13  0:09  Probe (Chrono Boost)  
  14  0:15  Probe (Chrono Boost)  
  15  0:22  Pylon  
  15  0:40  Probe  
  15  0:42  Forge  
  16  0:47  Assimilator  
  16  0:52  Probe  
  17  1:09  Pylon  
  17  1:23  Probe  
  18  1:31  Photon Cannon  
  18  1:35  Probe  
  18  1:36  Photon Cannon  
  18  1:59  Gateway, Probe  
  19  2:05  Photon Cannon  
  19  2:18  Assimilator  
  19  2:19  Probe (Chrono Boost)  
  19  2:21  Nexus  
  21  2:31  Probe (Chrono Boost)  
  21  2:36  Probe (Chrono Boost)  
  22  2:44  Pylon  
  22  2:57  Pylon  
  22  3:02  Zealot  
  24  3:29  Zealot  
  26  3:49  Cybernetics Core  
  26  3:56  Zealot  
  26  4:00  Pylon, Protoss Shields Level 1  
  28  4:08  Probe (Chrono Boost)  
  29  4:13  Photon Cannon  
  29  4:20  Probe (Chrono Boost)  
  30  4:25  Stalker (Chrono Boost)  
  30  4:26  Probe (Chrono Boost)  
  33  4:36  Stargate  
  33  4:43  Photon Cannon  
  33  4:47  Stalker (Chrono Boost)  
  33  4:48  Photon Cannon  
  26  5:10  Stalker (Chrono Boost)  
  25  5:24  Photon Cannon  
  21  5:37  Stalker (Chrono Boost), Probe (Chrono Boost)  
  16  5:46  Probe (Chrono Boost)  
  13  5:51  Probe (Chrono Boost)  
  13  6:04  Stalker (Chrono Boost)  
Tags
 
Add a new tag
Caveats
  • Supply blocks, unpowered buildings, or Contaminate may cause inaccurate times.
  • Supply counts are checked every 10 seconds.